 Dungeon Crawl Stone Soup version 0.20.1-1-g8b1a95d (webtiles) character file.

191 Peloso the Slasher (level 5, -1/41 HPs)
             Began as a Demonspawn Fighter on Aug 3, 2017.
             Killed from afar by an orc wizard (7 damage)
             ... with a puff of flame
             ... on level 4 of the Dungeon.
             The game lasted 00:07:31 (3173 turns).

Peloso the Slasher (Demonspawn Fighter)             Turns: 3173, Time: 00:07:32

Health: -1/41      AC: 10    Str: 17    XL:     5   Next: 41%
Magic:  5/5        EV:  7    Int: 10    God:
Gold:   167        SH:  9    Dex: 12    Spells: 4/4 levels left

rFire    . . .     SeeInvis .   a - +0 long sword
rCold    . . .     Gourm    .   c - +0 shield
rNeg     . . .     Faith    .   b - +0 scale mail
rPois    .         Spirit   .   (no helmet)
rElec    .         Reflect  .   (no cloak)
rCorr    .         Harm     .   s - +0 pair of gloves
MR       +....                  (no boots)
Stlth    ..........             (no amulet)
Regen    0.2/turn               i - ring of protection from magic
MPRegen  0.1/turn               (no ring)

@: no status effects
A: slimy green scales 1, powered by pain 1
a: no special abilities


You were on level 4 of the Dungeon.
You were not hungry.

You visited 1 branch of the dungeon, and saw 4 of its levels.

You collected 167 gold pieces.

Inventory:

Hand Weapons
 a - a +0 long sword (weapon)
Armour
 b - a +0 scale mail (worn)
 c - a +0 shield (worn)
 e - a +0 plate armour
 s - a +0 pair of gloves (worn)
Jewellery
 i - a ring of protection from magic (left hand)
Scrolls
 k - a scroll of blinking
 l - a scroll of fog {unknown}
 o - a scroll of identify {unknown}
 u - a scroll of enchant weapon {unknown}
 v - a scroll of enchant armour {unknown}
Potions
 d - a potion of might
 g - a potion of magic {unknown}
 h - a potion of flight {unknown}
 j - 3 potions of curing {unknown}
 q - a potion of brilliance {unknown}
 r - a potion of lignification {unknown}
 t - a potion of heal wounds {unknown}
Comestibles
 f - 3 bread rations
 m - a royal jelly
 n - 2 fruits
 p - a meat ration
 w - 2 chunks of flesh


   Skills:
 + Level 3.6 Fighting
 + Level 3.8 Long Blades
 + Level 3.3 Armour
 + Level 1.0 Dodging
 + Level 3.2 Shields


You had 4 spell levels left.
You didn't know any spells.

Dungeon Overview and Level Annotations

Branches:
Dungeon (4/15)
 Temple: D:4-7

Altars:
Hepliaklqana
Makhleb
Uskayaw


Innate Abilities, Weirdness & Mutations

You are partially covered in slimy green scales. (AC +2)
You sometimes gain a little power by taking damage.


Message History

The orc wizard is moderately wounded.
You block the orc wizard's attack.
The orc wizard points at you and mumbles some strange words.
The puff of frost hits you!
* * * LOW HITPOINT WARNING * * *
You closely miss the orc wizard.
The orc wizard is moderately wounded.
The orc wizard looks satisfied for a moment.
The orc wizard barely misses you.
You riposte.
Your shield and scale mail prevent you from hitting the orc wizard.
The orc wizard is moderately wounded.
Your shield prevents you from hitting the orc wizard.
The orc wizard is moderately wounded.
You block the orc wizard's attack. x2
Okay, then.
The orc wizard mumbles some strange words.
The orc wizard blinks!
You block the orc wizard's attack.
The orc wizard gestures at you while chanting.
The puff of flame hits you!
You die...

#### +..# #@#
#o# #.# #.# #o#
########o#.#
#........#.#.
#.#............
#.#.......>....


You could see an orc wizard and 2 orcs.

Vanquished Creatures
  An orc priest (D:4)
  7 adders
  2 worms (D:2)
  3 dart slugs
  A leopard gecko (D:3)
  7 orcs (D:3)
  A bat zombie (D:1)
  5 giant cockroaches
  3 hobgoblins
  12 jackals
  7 bats
  4 frilled lizards
  A giant cockroach zombie (D:1)
  8 goblins
  7 kobolds
  A quokka skeleton (D:4)
  5 rats
75 creatures vanquished.

Notes
Turn   | Place    | Note
-------+----------+-------------------------------------------
     0 | D:1      | Peloso the Demonspawn Fighter began the quest for the Orb.
     0 | D:1      | Reached XP level 1. HP: 18/18 MP: 1/1
   237 | D:1      | Gained mutation: You sometimes gain a little power by taking damage. [demonic ancestry]
   237 | D:1      | Reached XP level 2. HP: 24/24 MP: 2/2
  1048 | D:2      | HP: 1/24 [worm (4)]
  1335 | D:2      | Reached XP level 3. HP: 18/29 MP: 3/3
  1687 | D:2      | Found a hide-covered altar of Uskayaw.
  1919 | D:2      | Reached XP level 4. HP: 33/35 MP: 4/4
  2107 | D:2      | Found a burning altar of Makhleb.
  2730 | D:3      | Found a hazy altar of Hepliaklqana.
  2773 | D:3      | Gained mutation: You are partially covered in slimy green scales. (AC +2) [demonic ancestry]
  2773 | D:3      | Reached XP level 5. HP: 27/41 MP: 5/5
  3139 | D:4      | Reached skill level 1 in Dodging
  3173 | D:4      | Killed from afar by an orc wizard

Skill      XL: |  1  2  3  4  5 |
---------------+----------------+-----
Long Blades    | 2 3 |  3.8
Armour         | 3 |  3.3
Shields        | 3 |  3.2
Dodging        | 1 |  1.0
Fighting       | |  3.6

Action                   |  1- 3 |  4- 6 || total
-------------------------+-------+-------++-------
Melee: Long sword        |   135 |   159 ||   294
  Use: Scroll            |       |     2 ||     2
  Eat: Chunk             |     3 |     5 ||     8
Armor: Scale mail        |    75 |    69 ||   144
Dodge: Dodged            |    37 |    56 ||    93
Block: Shield            |    73 |    92 ||   165
       Rpst.: Long sword |    13 |    18 ||    31
